[Event "December 5 Early 2023"]
[Site "https://www.chess.com"]
[Date "2023.12.05"]
[Round "10"]
[White "Cardozo Munar, Carlos Eduardo"]
[Black "Sharapov, Evgeny"]
[Result "0-1"]
[Board "117"]
[TimeControl "180+1"]
[WhiteFideId "4409477"]
[BlackFideId "14103133"]
[WhiteElo "2278"]
[BlackElo "2523"]
[WhiteTeam "COL"]
[BlackTeam "UKR"]
[WhiteClock "0:01:44"]
[BlackClock "0:01:28"]

1. d4 d5 2. Nf3 c6 3. c3 Nf6 4. Nbd2 Bf5 5. g3 h6 6. Bg2 e6 7. O-O Nbd7 8. Re1 Be7 9. Qb3 Qb6 10. a3 Qxb3 11. Nxb3 b6 12. Bf4 O-O 13. h4 Ne4 14. Ne5 Nxe5 15. Bxe5 f6 16. Bf4 g5 17. hxg5 hxg5 18. Be3 Kg7 19. Nd2 Nxd2 20. Bxd2 Rad8 21. e4 dxe4 22. Bxe4 Bxe4 23. Rxe4 Kf7 24. Rae1 Rd6 25. g4 Re8 26. c4 c5 27. Bc3 cxd4 28. Bxd4 e5 29. Bc3 Red8 30. Kg2 Rd1 31. Rxd1 Rxd1 32. Kf3 a5 33. Ke2 Rg1 34. Bd2 a4 35. Kd3 Bc5 36. f3 Rf1 37. Be3 Rxf3 38. Ke2 Rxe3+ 39. Rxe3 Bxe3 40. Kxe3 Ke6 41. Ke4 Kd6 42. Kf5 Kc5 43. Kxf6 e4 44. Kxg5 e3 45. Kf4 e2 46. g5 e1=Q 47. g6 Qe6 0-1

[Event "December 5 Early 2023"]
[Site "https://www.chess.com"]
[Date "2023.12.05"]
[Round "10"]
[White "Colonetti, Fabio"]
[Black "Gavrilov, Maxim"]
[Result "0-1"]
[Board "118"]
[TimeControl "180+1"]
[WhiteFideId "897612"]
[BlackFideId "24271454"]
[WhiteElo "2278"]
[BlackElo "2512"]
[WhiteTeam "ITA"]
[BlackTeam "RUS"]
[WhiteClock "0:00:12"]
[BlackClock "0:00:59"]

1. d4 Nf6 2. c4 c6 3. Nc3 d5 4. cxd5 cxd5 5. Bf4 Nc6 6. e3 a6 7. Bd3 Bg4 8. Qb3 Na5 9. Qa4+ Bd7 10. Qd1 Rc8 11. Nge2 e6 12. O-O Be7 13. Ng3 b5 14. h4 Nc4 15. Qe2 b4 16. Nd1 Bb5 17. h5 h6 18. b3 Na3 19. Nb2 Rc2 20. Qxc2 Nxc2 21. Bxc2 Bxf1 22. Rxf1 Bd6 23. Nd3 O-O 24. Ne5 Qc7 25. Bd3 Qc3 26. Bxa6 Ra8 27. Bb5 Rxa2 28. Ne2 Qxb3 29. Rc1 Nxh5 30. Rc8+ Kh7 31. Nxf7 Nxf4 32. Nxf4 Bxf4 33. exf4 Qd1+ 34. Kh2 Qh5+ 0-1

[Event "December 5 Early 2023"]
[Site "https://www.chess.com"]
[Date "2023.12.05"]
[Round "10"]
[White "Kotyk, Michael"]
[Black "Martin, Lewis"]
[Result "1-0"]
[Board "119"]
[TimeControl "180+1"]
[WhiteFideId "16214501"]
[BlackFideId "410551"]
[WhiteElo "2505"]
[BlackElo "2277"]
[WhiteTeam "GER"]
[BlackTeam "ENG"]
[WhiteClock "0:00:11"]
[BlackClock "0:00:00"]

1. e4 c6 2. Nf3 d5 3. d3 dxe4 4. dxe4 Qxd1+ 5. Kxd1 Bg4 6. Nd2 Nd7 7. h3 Bxf3+ 8. Nxf3 O-O-O 9. Bd2 e5 10. Bc4 f6 11. c3 Bc5 12. Ke2 Ne7 13. Ne1 Kc7 14. a4 Nc8 15. Nd3 Be7 16. a5 Nc5 17. Nxc5 Bxc5 18. f3 g6 19. b4 Be7 20. Be3 a6 21. h4 f5 22. Bd3 f4 23. Bf2 h6 24. g3 g5 25. gxf4 gxf4 26. Rhg1 Rhg8 27. Bc4 Rxg1 28. Rxg1 Bf8 29. Rg6 Rd6 30. Rg8 Rf6 31. Rh8 Nd6 32. Bb6+ Kd7 33. Rh7+ Ke8 34. Bb3 Be7 35. Rh8+ Bf8 36. Bc5 Kd7 37. h5 Be7 38. Rh7 Nc8 39. Bf2 Rd6 40. Bh4 Kd8 41. Rh8+ Kd7 42. Bf2 Rf6 43. Rh7 Kd8 44. Bc4 Bf8 45. Rh8 Kc7 46. Bg8 Ne7 47. Bb3 Kb8 48. Bc5 Kc7 49. Rxf8 Rxf8 50. Bxe7 Re8 51. Bc5 Kd7 52. Bf7 Rh8 53. Bg6 Ke6 54. Bf5+ Kf6 55. Bg4 Rd8 56. Bb6 Rd6 57. Bc7 1-0

[Event "December 5 Early 2023"]
[Site "https://www.chess.com"]
[Date "2023.12.05"]
[Round "10"]
[White "Baches Garcia, Guillermo"]
[Black "Zoete, Roelant"]
[Result "1-0"]
[Board "120"]
[TimeControl "180+1"]
[WhiteFideId "2209764"]
[BlackFideId "40103269"]
[WhiteElo "2502"]
[BlackElo "2261"]
[WhiteTeam "ESP"]
[BlackTeam "NED"]
[WhiteClock "0:00:36"]
[BlackClock "0:00:16"]

1. d4 d5 2. Nf3 Nf6 3. Bg5 h6 4. Bh4 g5 5. Bg3 e6 6. e3 b6 7. Nbd2 Bb7 8. Bd3 Nh5 9. Be5 f6 10. Ng1 Ng7 11. Bg3 Nd7 12. h4 gxh4 13. Bxh4 Qe7 14. Bg6+ Kd8 15. Ngf3 Kc8 16. Qe2 Qb4 17. O-O-O a5 18. Kb1 Ba6 19. Bd3 Bxd3 20. Qxd3 Nf5 21. c3 Qa4 22. e4 Nxh4 23. Nxh4 Kb7 24. exd5 exd5 25. Qf5 Qb5 26. c4 Qc6 27. Qxd5 Qxd5 28. cxd5 Bd6 29. Nf5 Rag8 30. g3 h5 31. Nf3 Nb8 32. Rde1 Re8 33. Re6 Nd7 34. Rhe1 Rxe6 35. dxe6 Nf8 36. e7 Bxe7 37. Rxe7 Ng6 38. Rg7 Nf8 39. d5 Kc8 40. N3d4 Nd7 41. Ne6 Re8 42. Ne7+ Kb8 43. Nc6+ Kc8 44. f4 a4 45. a3 b5 46. Kc2 b4 47. axb4 a3 48. bxa3 f5 49. b5 h4 50. gxh4 Nb6 51. Rxc7# 1-0

[Event "December 5 Early 2023"]
[Site "https://www.chess.com"]
[Date "2023.12.05"]
[Round "10"]
[White "Latorre, Vincent"]
[Black "Petrukhina, Olga"]
[Result "0-1"]
[Board "121"]
[TimeControl "180+1"]
[WhiteFideId "2636891"]
[BlackFideId "13703935"]
[WhiteElo "2430"]
[BlackElo "2237"]
[WhiteTeam "CAN"]
[BlackTeam "KAZ"]
[WhiteClock "0:00:13"]
[BlackClock "0:00:05"]

1. e4 e6 2. d4 d5 3. e5 c5 4. c3 Nc6 5. Nf3 Bd7 6. Be2 Nge7 7. dxc5 Ng6 8. b4 Ncxe5 9. Nxe5 Nxe5 10. O-O Be7 11. Nd2 O-O 12. Bb2 Bf6 13. Qc2 Ng6 14. c4 Nf4 15. Bf3 Bxb2 16. Qxb2 Qg5 17. cxd5 exd5 18. Kh1 Bg4 19. Bxg4 Qxg4 20. g3 Nd3 21. Qc3 Qe2 22. Kg2 d4 23. Qxd4 Rad8 24. Qe3 Qxe3 25. fxe3 Nxb4 26. Nf3 Nc2 27. Rab1 Nxe3+ 28. Kf2 Nxf1 29. Kxf1 Rc8 30. Rxb7 Rxc5 31. Rxa7 h6 32. Kg2 Rc2+ 33. Kh3 Rb8 34. a4 Rbb2 35. a5 Rf2 36. Nh4 Rxh2+ 37. Kg4 Ra2 38. a6 Rhb2 39. Nf5 Kh7 40. Rxf7 Rxa6 41. Rxg7+ Kh8 42. Rd7 Rb4+ 43. Kh5 Ra5 44. Kg6 Rb6+ 45. Kh5 Rxf5+ 46. Kg4 Rf8 47. Rd5 Rg8+ 48. Kh3 Rbg6 49. g4 Kh7 50. Rd7+ R8g7 51. Rd5 Rf7 52. Kg3 Rfg7 53. Kh4 Rxg4+ 54. Kh3 R4g5 55. Kh4 Rxd5 56. Kh3 Rh5# 0-1

[Event "December 5 Early 2023"]
[Site "https://www.chess.com"]
[Date "2023.12.05"]
[Round "10"]
[White "Mushini Ajay"]
[Black "Cagara, Paulina"]
[Result "0-1"]
[Board "122"]
[TimeControl "180+1"]
[WhiteFideId "35066188"]
[BlackFideId "1124870"]
[WhiteElo "2405"]
[BlackElo "2227"]
[WhiteTeam "IND"]
[BlackTeam "POL"]
[WhiteClock "0:00:00"]
[BlackClock "0:00:24"]

1. e4 c6 2. d4 d5 3. exd5 cxd5 4. c4 Nf6 5. Nc3 Nc6 6. Nf3 Bg4 7. cxd5 Nxd5 8. Qb3 Bxf3 9. gxf3 e6 10. Qxb7 Nxd4 11. Bb5+ Nxb5 12. Qc6+ Ke7 13. Qxb5 Nxc3 14. Qc5+ Qd6 15. Qxc3 Ke8 16. O-O Be7 17. Bf4 Qc5 18. Qxg7 Rf8 19. Rac1 Qf5 20. Bg3 Bf6 21. Qg4 Qxg4 22. fxg4 Bxb2 23. Rc7 Rg8 24. Rb1 Bd4 25. Rbb7 Rg7 26. g5 Rd8 27. h4 h6 28. gxh6 Rxg3+ 29. Kf1 Rf3 30. h7 Rxf2+ 31. Ke1 Rf5 32. Re7+ Kf8 33. Red7 Rxd7 34. Rxd7 Bc3+ 35. Ke2 Kg7 36. Rxa7 Kxh7 37. Rc7 Be5 38. Rc5 Kg7 39. a4 Kf6 0-1

[Event "December 5 Early 2023"]
[Site "https://www.chess.com"]
[Date "2023.12.05"]
[Round "10"]
[White "Golubenko, Valentina"]
[Black "Hernandez Jimenez, Alexander Andres"]
[Result "1/2-1/2"]
[Board "123"]
[TimeControl "180+1"]
[WhiteFideId "4501993"]
[BlackFideId "3900452"]
[WhiteElo "2225"]
[BlackElo "2387"]
[WhiteTeam "CRO"]
[BlackTeam "VEN"]
[WhiteClock "0:00:14"]
[BlackClock "0:00:03"]

1. e4 c5 2. Nf3 d6 3. Bc4 Nf6 4. O-O Nc6 5. Re1 a6 6. d4 b5 7. Bf1 cxd4 8. Nxd4 Bb7 9. Nc3 e6 10. Bg5 Be7 11. Qd2 O-O 12. Rad1 Rc8 13. Nxc6 Rxc6 14. a3 Qc7 15. g3 h6 16. Bf4 Rd8 17. Bg2 Rc4 18. Qe2 b4 19. axb4 Rxb4 20. e5 dxe5 21. Bxe5 Qc8 22. Rxd8+ Bxd8 23. Bxb7 Qxb7 24. b3 Be7 25. Ra1 Ne4 26. Qxa6 Nxc3 27. Bxc3 Rb6 28. Qxb7 Rxb7 29. Ra8+ Kh7 30. Be5 f6 31. Bf4 e5 32. Be3 Rc7 33. c4 f5 34. Ra7 Rxa7 35. Bxa7 Kg6 36. c5 Kf7 37. b4 Ke6 38. b5 Kd5 39. b6 Kc6 40. Bb8 Bxc5 41. Bxe5 g6 42. Bg7 h5 43. Kg2 Bxb6 44. f3 Kd7 45. Kh3 Ke6 46. Kh4 Kf7 47. Bc3 Bd8+ 48. Kh3 Bf6 1/2-1/2

[Event "December 5 Early 2023"]
[Site "https://www.chess.com"]
[Date "2023.12.05"]
[Round "10"]
[White "Mickiewicz, Piotr"]
[Black "Vila Dupla, Aurelio"]
[Result "0-1"]
[Board "124"]
[TimeControl "180+1"]
[WhiteFideId "1114891"]
[BlackFideId "2203383"]
[WhiteElo "2385"]
[BlackElo "2203"]
[WhiteTeam "POL"]
[BlackTeam "ESP"]
[WhiteClock "0:00:19"]
[BlackClock "0:00:05"]

1. e4 c5 2. Nf3 d6 3. Bb5+ Nd7 4. a4 Nf6 5. d3 g6 6. O-O Bg7 7. Nc3 O-O 8. h3 Nb6 9. a5 Nbd7 10. a6 bxa6 11. Bxa6 Bxa6 12. Rxa6 Qc8 13. Ra2 Ne8 14. Nd5 Qd8 15. Bd2 e6 16. Ba5 Qb8 17. Ne3 Nc7 18. Qd2 Nb5 19. Rfa1 Ne5 20. Ne1 Nc6 21. c3 Qb7 22. f4 Rfb8 23. Nf3 Nxa5 24. Rxa5 Nc7 25. Nd1 a6 26. Qc2 Qc6 27. Qa4 Qxa4 28. R1xa4 Rb6 29. Kf1 Rab8 30. Ra2 Kf8 31. Ke2 Ke7 32. Kd2 Kd7 33. Kc2 h6 34. g4 Kc6 35. h4 Kb7 36. R5a3 Ka7 37. Nd2 d5 38. e5 g5 39. fxg5 hxg5 40. h5 Bxe5 41. Nf3 Bf4 42. Ra4 f5 43. Rxf4 gxf4 44. g5 Rg8 45. g6 Ne8 46. Nf2 Nf6 47. Ne5 Nxh5 48. Nh3 Rb7 49. Ng5 Rbg7 50. Nxe6 Rxg6 51. Nxg6 Rxg6 52. Nxc5 Rg2+ 53. Kb3 f3 54. Rxa6+ Kb8 55. Ra1 f2 56. Nd7+ Kc7 57. Ra7+ Kd6 58. Nf8 f1=Q 59. Rd7+ Kc6 60. Rh7 Qd1+ 61. Kb4 Rxb2+ 62. Ka5 Qa1# 0-1

[Event "December 5 Early 2023"]
[Site "https://www.chess.com"]
[Date "2023.12.05"]
[Round "10"]
[White "Franchini, Gabriele"]
[Black "Vanek, Tomas"]
[Result "1-0"]
[Board "125"]
[TimeControl "180+1"]
[WhiteFideId "806790"]
[BlackFideId "313459"]
[WhiteElo "2335"]
[BlackElo "2160"]
[WhiteTeam "ITA"]
[BlackTeam "CZE"]
[WhiteClock "0:00:24"]
[BlackClock "0:00:19"]

1. e4 c5 2. Nf3 Nc6 3. Bb5 Nf6 4. Bxc6 bxc6 5. e5 Ng4 6. h3 Nh6 7. O-O g6 8. d4 cxd4 9. Qxd4 Qb6 10. Nc3 Qxd4 11. Nxd4 Bg7 12. Re1 Rb8 13. b3 Nf5 14. Nxf5 gxf5 15. Bb2 O-O 16. Na4 d6 17. exd6 exd6 18. Rad1 Rd8 19. Ba3 d5 20. Bc5 Rb7 21. f4 Be6 22. Bd4 Bxd4+ 23. Rxd4 c5 24. Nxc5 Rc7 25. b4 a5 26. c3 axb4 27. cxb4 Ra8 28. a4 Kg7 29. a5 Kf6 30. Kf2 Rb8 31. Ra1 Bc8 32. a6 Ra7 33. Ra4 Bb7 34. axb7 Rxa4 35. Nd7+ Ke7 36. Nxb8 Kd6 37. Nc6 Ra2+ 38. Kg1 Kxc6 39. b8=Q f6 40. Qe8+ Kd6 41. Qd8+ Kc6 42. Qxd5+ Kb6 43. Qxa2 h5 44. Qa5+ Kc6 45. Qc5+ Kb7 46. Rd7+ Kb8 47. Qb6+ Kc8 48. Qc7# 1-0

[Event "December 5 Early 2023"]
[Site "https://www.chess.com"]
[Date "2023.12.05"]
[Round "10"]
[White "De Arruda, Leandro Formes"]
[Black "Yushko, Olga"]
[Result "1-0"]
[Board "126"]
[TimeControl "180+1"]
[WhiteFideId "22722009"]
[BlackFideId "14114500"]
[WhiteElo "2332"]
[BlackElo "2135"]
[WhiteTeam "BRA"]
[BlackTeam "UKR"]
[WhiteClock "0:01:28"]
[BlackClock "0:00:06"]

1. d4 e6 2. Nf3 f5 3. e3 Nf6 4. Bd3 d6 5. Nbd2 Be7 6. Qe2 Nc6 7. e4 fxe4 8. Nxe4 Nb4 9. Ng3 Nxd3+ 10. Qxd3 O-O 11. h4 b6 12. h5 Bb7 13. Ng5 Qd7 14. h6 g6 15. f3 e5 16. dxe5 dxe5 17. Qxd7 Nxd7 18. Ne6 Rfc8 19. Be3 Kf7 20. Ng5+ Bxg5 21. Bxg5 Nf6 22. O-O-O Rd8 23. Rde1 Re8 24. Rhf1 Rad8 25. Re3 Nd5 26. Ra3 Ra8 27. Ne4 Re6 28. g3 a5 29. Rd3 Bc6 30. Rfd1 Nb4 31. Rd7+ Bxd7 32. Rxd7+ Kg8 33. Rg7+ Kh8 34. Rxc7 Rf8 35. Be7 Nxa2+ 36. Kb1 Re8 37. Bf6+ Rxf6 38. Nxf6 1-0

[Event "December 5 Early 2023"]
[Site "https://www.chess.com"]
[Date "2023.12.05"]
[Round "10"]
[White "Buscar, Michael"]
[Black "Mirzoev, Azer"]
[Result "0-1"]
[Board "127"]
[TimeControl "180+1"]
[WhiteFideId "2603616"]
[BlackFideId "13400304"]
[WhiteElo "2342"]
[BlackElo "2603"]
[WhiteTeam "CAN"]
[BlackTeam "AZE"]
[WhiteClock "0:00:10"]
[BlackClock "0:01:28"]

1. Nf3 c5 2. g3 Nc6 3. Bg2 g6 4. d4 cxd4 5. Nxd4 Bg7 6. Nxc6 bxc6 7. O-O Rb8 8. c3 Nf6 9. Nd2 O-O 10. Nb3 d5 11. Bf4 Rb7 12. Qc1 Bg4 13. Re1 Re8 14. Be5 h5 15. Nc5 Rb5 16. Nd3 Bf5 17. a4 Rb6 18. Bd4 Rb7 19. Nc5 Rb8 20. Nd3 Qd7 21. Be5 Rbd8 22. Qe3 Ng4 23. Qd4 Nxe5 24. Nxe5 Qc7 25. f4 c5 26. Qe3 d4 27. cxd4 cxd4 28. Qb3 Bxe5 29. fxe5 Qxe5 30. Rad1 e6 31. Bc6 Rb8 32. Qc4 Rec8 33. b4 Qe3+ 34. Kf1 Bh3+ 0-1

[Event "December 5 Early 2023"]
[Site "https://www.chess.com"]
[Date "2023.12.05"]
[Round "10"]
[White "IranianCheetah"]
[Black "Kotlyar, Kirill"]
[Result "0-1"]
[Board "128"]
[TimeControl "180+1"]
[BlackFideId "24145599"]
[WhiteElo "2321"]
[BlackElo "2583"]
[BlackTeam "RUS"]
[WhiteClock "0:00:05"]
[BlackClock "0:00:50"]

1. e4 e5 2. Nf3 Nc6 3. Bb5 a6 4. Bxc6 dxc6 5. O-O f6 6. d4 exd4 7. Nxd4 c5 8. Nb3 Qxd1 9. Rxd1 Bd7 10. Nc3 O-O-O 11. Bf4 Ne7 12. Nd5 Nxd5 13. Rxd5 Be7 14. Nxc5 Bc6 15. Rxd8+ Rxd8 16. Ne6 Rd7 17. f3 g5 18. Be3 b6 19. Ng7 Bc5 20. Nf5 Rd2 21. Ne7+ Kb7 22. Bxc5 bxc5 23. Nxc6 Kxc6 24. Rc1 c4 25. h4 gxh4 26. Kh2 Kc5 27. Kh3 a5 28. Kxh4 Rxg2 29. Kh3 Rd2 30. Kg4 Kd4 31. Kf4 a4 32. a3 c3 33. bxc3+ Kxc3 34. Rh1 Rxc2 35. Rh6 Kb3 36. Rxf6 c5 37. Rb6+ Kxa3 38. e5 Re2 39. Kf5 c4 40. e6 c3 41. f4 c2 42. Rc6 Kb2 43. Rb6+ Kc3 44. Rc6+ Kd4 45. Kf6 Kd5 46. Rxc2 Rxc2 47. e7 Re2 48. Kf7 a3 49. f5 a2 50. f6 a1=Q 0-1

[Event "December 5 Early 2023"]
[Site "https://www.chess.com"]
[Date "2023.12.05"]
[Round "10"]
[White "Rose, Felix"]
[Black "Minko, Dmitry"]
[Result "1-0"]
[Board "129"]
[TimeControl "180+1"]
[WhiteFideId "5105722"]
[BlackFideId "24188468"]
[WhiteElo "2313"]
[BlackElo "2496"]
[WhiteTeam "MEX"]
[BlackTeam "FID"]
[WhiteClock "0:00:15"]
[BlackClock "0:01:04"]

1. e4 e5 2. Nf3 Nc6 3. Bb5 Nf6 4. O-O Nxe4 5. d4 Nd6 6. dxe5 Nxb5 7. a4 d6 8. axb5 Nxe5 9. Re1 Be6 10. Nxe5 dxe5 11. Qxd8+ Rxd8 12. Rxa7 Bc5 13. Rxb7 Bb6 14. Nc3 O-O 15. Be3 Bxe3 16. fxe3 Rd2 17. Re2 Rxe2 18. Nxe2 Rc8 19. b3 Kf8 20. Nc3 Ke8 21. Kf2 Kd8 22. h4 Ra8 23. b6 cxb6 24. Rxb6 Rc8 25. Rd6+ Ke7 26. Rd3 e4 27. Nxe4 Rxc2+ 28. Rd2 Rc1 29. Rb2 Bd5 30. Ng3 Kd6 31. Nf5+ Kc5 32. b4+ Kb5 33. Nxg7 Rc4 34. Nf5 Rxb4 35. Rxb4+ Kxb4 36. g4 Kc3 37. Kg3 Kd3 38. Kf4 f6 39. Ng3 Be6 40. Nh5 f5 41. gxf5 Bf7 42. Ng3 Kc4 43. e4 Kd4 44. e5 Kd5 45. Ne4 h6 46. Nf6+ Kc6 47. e6 Bxe6 48. fxe6 Kd6 49. Kf5 Ke7 50. Ng8+ Ke8 51. Nxh6 Ke7 52. Ng4 Kf8 53. Kf6 Kg8 54. e7 Kh7 55. h5 Kg8 56. e8=Q+ Kh7 57. Qg6+ Kh8 58. Qg7# 1-0

[Event "December 5 Early 2023"]
[Site "https://www.chess.com"]
[Date "2023.12.05"]
[Round "10"]
[White "Chernomordik, Pavel"]
[Black "Shapiro, Daniel"]
[Result "1-0"]
[Board "130"]
[TimeControl "180+1"]
[WhiteFideId "2804530"]
[BlackFideId "2001780"]
[WhiteElo "2495"]
[BlackElo "2307"]
[WhiteTeam "ISR"]
[BlackTeam "USA"]
[WhiteClock "0:02:05"]
[BlackClock "0:00:00"]

1. e4 c5 2. Nc3 Nc6 3. Bb5 Nd4 4. Bc4 g6 5. Nge2 Bg7 6. Nxd4 cxd4 7. Qf3 e6 8. Nb5 d6 9. Qa3 Ke7 10. c3 dxc3 11. dxc3 a6 12. Nd4 Nf6 13. e5 Ne8 14. Bg5+ f6 15. exf6+ Bxf6 16. Bxf6+ Nxf6 17. O-O Qc7 18. Bxe6 Bxe6 19. Rfe1 Kf7 20. Nxe6 Qd7 21. Rad1 Ne8 22. Qb3 d5 23. Rxd5 1-0

[Event "December 5 Early 2023"]
[Site "https://www.chess.com"]
[Date "2023.12.05"]
[Round "10"]
[White "Shinkarev, M"]
[Black "Dyulgerov, Volen"]
[Result "1-0"]
[Board "131"]
[TimeControl "180+1"]
[WhiteFideId "4145348"]
[BlackFideId "2918978"]
[WhiteElo "2474"]
[BlackElo "2253"]
[WhiteTeam "RUS"]
[BlackTeam "BUL"]
[WhiteClock "0:01:38"]
[BlackClock "0:00:00"]

1. c4 b5 2. cxb5 a6 3. Nc3 axb5 4. Nxb5 Nf6 5. d4 Ra5 6. e3 Bb7 7. Nf3 Ne4 8. b4 Rxb5 9. Bxb5 Nc3 10. Qd3 Nxb5 11. Qxb5 Ba6 12. Qa5 Bc4 13. Ne5 Nc6 14. Nxc6 dxc6 15. f3 e6 16. Kf2 Bd6 17. Bd2 h5 18. e4 Bxh2 19. Rxh2 Qxd4+ 20. Be3 Qb2+ 21. Kg3 h4+ 22. Kh3 Qe5 23. Qxe5 1-0

[Event "December 5 Early 2023"]
[Site "https://www.chess.com"]
[Date "2023.12.05"]
[Round "10"]
[White "Borawski, Jakub"]
[Black "Shevchuk, Olexandr"]
[Result "0-1"]
[Board "132"]
[TimeControl "180+1"]
[WhiteFideId "1143000"]
[BlackFideId "14113775"]
[WhiteElo "2241"]
[BlackElo "2424"]
[WhiteTeam "POL"]
[BlackTeam "UKR"]
[WhiteClock "0:00:00"]
[BlackClock "0:00:15"]

1. e4 c5 2. Nf3 e6 3. d4 cxd4 4. Nxd4 Nc6 5. Nb5 d6 6. c4 Nf6 7. N1c3 a6 8. Na3 Be7 9. Be2 O-O 10. Be3 b6 11. Rc1 Bb7 12. O-O Rc8 13. Nab1 Ne5 14. Nd2 Qc7 15. f4 Ned7 16. b3 Rfe8 17. Bf3 Qb8 18. g4 Nf8 19. Qe2 N6d7 20. g5 Bd8 21. h4 Bc7 22. h5 d5 23. e5 dxc4 24. Nxc4 b5 25. Nd2 Ba5 26. Nce4 Bxd2 27. Qxd2 Bxe4 28. Bxe4 Nb6 29. h6 g6 30. Qa5 Nd5 31. Bxd5 exd5 32. Qxa6 Ne6 33. Rfd1 Rxc1 34. Rxc1 d4 35. Bd2 Rd8 36. Rc6 Nxg5 37. fxg5 Qxe5 38. Rf6 Qg3+ 39. Kf1 Qd3+ 40. Kg1 Qxd2 41. Qxb5 Qe3+ 42. Rf2 Re8 43. Qc4 Qxg5+ 44. Kf1 Rf8 45. Qxd4 Qxh6 46. Qf6 Qc1+ 47. Kg2 Qc5 48. Kg1 Qd5 49. Kf1 Rc8 0-1

[Event "December 5 Early 2023"]
[Site "https://www.chess.com"]
[Date "2023.12.05"]
[Round "10"]
[White "Player, Edmund C"]
[Black "Lopusiewicz, Piotr"]
[Result "1-0"]
[Board "133"]
[TimeControl "180+1"]
[WhiteFideId "406520"]
[BlackFideId "1116029"]
[WhiteElo "2237"]
[BlackElo "2421"]
[WhiteTeam "ENG"]
[BlackTeam "POL"]
[WhiteClock "0:00:04"]
[BlackClock "0:00:13"]

1. d4 Nf6 2. Nc3 d5 3. Bg5 c5 4. Bxf6 exf6 5. dxc5 Be6 6. Nf3 Bxc5 7. e3 Nc6 8. Bd3 Bb4 9. Qd2 Qa5 10. Nd4 Nxd4 11. exd4 O-O 12. a3 Rac8 13. O-O Bxc3 14. bxc3 Qxc3 15. Qe3 Rfe8 16. Rab1 b6 17. Qf4 Qxa3 18. Ra1 Qe7 19. h4 Qc7 20. Qf3 a5 21. Rfb1 Rb8 22. Qh5 g6 23. Qh6 Qd6 24. h5 Qf8 25. Qf4 Qe7 26. h6 f5 27. Rxa5 Qf6 28. Rab5 Bd7 29. Rxd5 Be6 30. Rd6 g5 31. Qg3 f4 32. Qh2 Red8 33. Rxd8+ Rxd8 34. c3 Bf5 35. Bxf5 Qxf5 36. Qh5 Qxb1+ 37. Kh2 Qg6 38. Qg4 Qxh6+ 39. Kg1 Qe6 40. Qxg5+ Qg6 41. Qxd8+ Kg7 42. Qc7 Qb1+ 43. Kh2 Qg6 44. Qe5+ f6 45. Qxf4 Qh5+ 46. Kg3 Qd5 47. Qg4+ Kf7 48. Qf4 Qc4 49. Qe3 b5 50. Kf3 Qc6+ 51. Qe4 Qxc3+ 52. Qe3 Qc4 53. d5 Qxd5+ 54. Kg3 Qc4 55. Qh6 Qc7+ 56. f4 Ke6 57. Qh3+ Kd5 58. Qf5+ Kc4 59. Qc2+ Kd4 60. Qxc7 b4 61. Qb6+ Kc3 62. Qxf6+ 1-0

[Event "December 5 Early 2023"]
[Site "https://www.chess.com"]
[Date "2023.12.05"]
[Round "10"]
[White "Mayaud, Raphael"]
[Black "Chemin, Justo Reinaldo"]
[Result "1-0"]
[Board "134"]
[TimeControl "180+1"]
[WhiteFideId "627151"]
[BlackFideId "2101580"]
[WhiteElo "2409"]
[BlackElo "2226"]
[WhiteTeam "FRA"]
[BlackTeam "BRA"]
[WhiteClock "0:00:04"]
[BlackClock "0:00:00"]

1. d4 e6 2. Nf3 d5 3. c4 c6 4. Nbd2 Nf6 5. g3 Nbd7 6. Bg2 Bd6 7. O-O O-O 8. Qc2 Qe7 9. e4 dxe4 10. Nxe4 Nxe4 11. Qxe4 c5 12. Rd1 cxd4 13. Nxd4 Bc5 14. Nb3 Nf6 15. Qc2 Ng4 16. Nxc5 Qxc5 17. h3 Ne5 18. b3 Ng6 19. Be3 Qc7 20. Rd2 e5 21. Rad1 Be6 22. Qb2 a5 23. Rd6 a4 24. Rb6 axb3 25. axb3 Rab8 26. Qc2 Rfc8 27. Qd2 Nf8 28. Qd6 Nd7 29. Qxc7 Rxc7 30. Rb5 f6 31. g4 Kf7 32. Ra1 b6 33. Ra6 h5 34. gxh5 f5 35. Bxb6 Nxb6 36. Raxb6 Rd8 37. Rb7 Rxb7 38. Rxb7+ Kf6 39. Rb6 e4 40. Kh2 Ke5 41. Rb5+ Kd4 42. Rb6 Re8 43. Kg3 Ke5 44. Rb5+ Kd4 45. Kf4 Kc3 46. Kg5 Kd3 47. Kf4 Kd4 48. Rb6 Bc8 49. h4 e3 50. fxe3+ Rxe3 51. Bd5 Rh3 52. Kg5 Rg3+ 53. Kf4 Rg4+ 54. Kf3 Rxh4 55. Rg6 Rxh5 56. Rxg7 Rh3+ 57. Kf4 Kc3 58. Rg8 Rd3 59. Rxc8 Kd4 60. Kxf5 Rxb3 61. Ke6 Re3+ 62. Kd6 Rg3 63. Re8 Rg6+ 64. Re6 Rg1 65. c5 Rc1 66. Re4+ Kd3 67. c6 1-0

[Event "December 5 Early 2023"]
[Site "https://www.chess.com"]
[Date "2023.12.05"]
[Round "10"]
[White "Michalski, Olaf"]
[Black "Rosh Jain"]
[Result "0-1"]
[Board "135"]
[TimeControl "180+1"]
[WhiteFideId "1106740"]
[BlackFideId "25789465"]
[WhiteElo "2199"]
[BlackElo "2388"]
[WhiteTeam "POL"]
[BlackTeam "IND"]
[WhiteClock "0:02:05"]
[BlackClock "0:02:47"]

1. d4 Nf6 2. c4 e6 3. Nf3 d5 4. Nc3 c5 5. cxd5 Nxd5 6. e4 Nxc3 7. bxc3 cxd4 8. cxd4 Bb4+ 9. Bd2 Bxd2+ 10. Qxd2 O-O 11. Bd3 Nc6 12. e5 h6 13. O-O Bd7 14. Qe3 Ne7 15. Rad1 Bc6 16. Qf4 Ng6 17. Bxg6 fxg6 18. Qg4 Bxf3 19. gxf3 Rf5 20. Qxg6 Rg5+ 21. Qxg5 Qxg5+ 0-1

[Event "December 5 Early 2023"]
[Site "https://www.chess.com"]
[Date "2023.12.05"]
[Round "10"]
[White "Kleibel, Uwe"]
[Black "Tilahun , Abel Mathewos"]
[Result "1-0"]
[Board "136"]
[TimeControl "180+1"]
[WhiteFideId "1270982"]
[BlackFideId "15702391"]
[WhiteElo "2362"]
[BlackElo "2026"]
[WhiteTeam "GER"]
[BlackTeam "ETH"]
[WhiteClock "0:01:11"]
[BlackClock "0:00:00"]

1. e4 e6 2. d4 d5 3. e5 c5 4. c3 Bd7 5. Nf3 Qb6 6. a3 cxd4 7. cxd4 Bb5 8. Bxb5+ Qxb5 9. Nc3 Qb6 10. O-O Nc6 11. Na4 Qc7 12. b4 a6 13. Bb2 Nge7 14. Rc1 Nf5 15. g4 Nfe7 16. Kg2 h5 17. h3 g6 18. Ng5 Bh6 19. f4 Kf8 20. Qf3 Kg7 21. Nc5 Bxg5 22. fxg5 Ng8 23. Rf2 hxg4 24. hxg4 Rh4 25. Rcf1 Nd8 26. Kg3 Rh7 27. Rc1 a5 28. Nxe6+ Nxe6 29. Rxc7 Nxc7 30. Qxf7+ Kh8 31. Qxg6 Re8 32. bxa5 Rd8 33. Bc3 Ne8 34. Bb4 Ng7 35. Bf8 Re8 36. Bxg7+ Rxg7 37. Rh2+ Nh6 38. Qxe8+ 1-0

[Event "December 5 Early 2023"]
[Site "https://www.chess.com"]
[Date "2023.12.05"]
[Round "10"]
[White "BestestBP"]
[Black "Berezin, Viktor"]
[Result "1-0"]
[Board "137"]
[TimeControl "180+1"]
[BlackFideId "14107872"]
[WhiteElo "2080"]
[BlackElo "2404"]
[BlackTeam "UKR"]
[WhiteClock "0:00:14"]
[BlackClock "0:00:01"]

1. d4 Nf6 2. c4 g6 3. Nf3 Bg7 4. g3 O-O 5. Bg2 d6 6. O-O Nc6 7. Nc3 a6 8. b3 Rb8 9. Bb2 b5 10. cxb5 axb5 11. Rc1 b4 12. Na4 Na7 13. d5 Bb7 14. Qc2 Nb5 15. e4 Rc8 16. Rfd1 c5 17. e5 Nxd5 18. exd6 Ndc3 19. Bxc3 Nxc3 20. Nxc3 Bxc3 21. dxe7 Qxe7 22. a4 Be4 23. Qe2 Rfe8 24. Qc4 Bf5 25. Nh4 Be6 26. Bd5 Bxd5 27. Rxd5 Rcd8 28. Rcd1 Rxd5 29. Qxd5 Qe2 30. Qd3 Qb2 31. Qb5 Re2 32. Qxc5 Kg7 33. Nf3 Qxb3 34. Rd8 Qb1+ 35. Kg2 Qe4 36. Qf8+ Kf6 37. Qh8+ Kf5 38. Qxh7 Rc2 39. Qxf7+ Bf6 40. Rd5+ Kg4 41. h3# 1-0